 Dungeon Crawl Stone Soup version 0.27.1-33-g824d729ab1 (webtiles) character file.

Game seed: 1889170056805006117

1 Descartes the Sneak (level 1, 0/7 HPs)
             Began as a Felid Wanderer on Nov 29, 2021.
             Slain by a hobgoblin (3 damage)
             ... on level 1 of the Dungeon.
             The game lasted 00:00:26 (139 turns).

Descartes the Sneak (Felid Wanderer)                 Turns: 139, Time: 00:00:27

Health: 0/7        AC:  1    Str:  4    XL:     1   Next: 16%
Magic:  4/4        EV: 15    Int: 14    God:
Gold:   0          SH:  0    Dex: 18    Spells: 3/4 levels left
                                        Lives:  0   Deaths: 0

rFire    . . .     SeeInvis +   (weapon unavailable)
rCold    . . .     Faith    .   (shield unavailable)
rNeg     . . .     Spirit   .   (armour unavailable)
rPois    .         Reflect  .   (helmet unavailable)
rElec    .         Harm     .   (cloak unavailable)
rCorr    .         Rampage  .   (gloves unavailable)
Will     .....                  (boots unavailable)
Stlth    ++........             (no amulet)
HPRegen  0.02/turn              (no ring)
MPRegen  0.09/turn              (no ring)

@: quick
A: very small, claws 1, fangs 3, see invisible, speed 1, shaggy fur 1, stealthy
paws, no weapons or thrown items, no armour, multi-lived
a: no special abilities


You were on level 1 of the Dungeon.
You visited 1 branch of the dungeon, and saw 1 of its levels.

Inventory:

Potions
 a - 2 potions of curing
 b - a potion of degeneration {unknown}


   Skills:
 + Level 0.3 Dodging
 - Level 2.6 Stealth
 + Level 0.2 Unarmed Combat
 - Level 2.0 Spellcasting
 - Level 1.5 Hexes
 - Level 1.5 Translocations
 - Level 2.6 Fire Magic
 - Level 1.0 Poison Magic


You had 3 spell levels left.
You knew the following spells:

 Your Spells              Type           Power      Damage    Failure   Level
a - Foxfire               Conj/Fire      20%        2x1d5     14%         1

Your spell library contained the following spells:

 Spells                   Type           Power      Damage    Failure   Level
 Blink                    Tloc           N/A        N/A       19%         2
 Inner Flame              Hex/Fire       7%         N/A       30%         3
 Corpse Rot               Necr/Air       N/A        N/A       34%         2
 Sublimation of Blood     Necr           0%         N/A       34%         2
 Lesser Beckoning         Tloc           2%         N/A       36%         3
 Conjure Flame            Conj/Fire      5%         6-21      38%         3
 Sticky Flame             Conj/Fire      5%         2d3       80%         4
 Fireball                 Conj/Fire      2%         3d4       98%         5
 Manifold Assault         Tloc           5%         N/A       98%         5


Dungeon Overview and Level Annotations

Branches:
Dungeon (1/15)

Altars:


Innate Abilities, Weirdness & Mutations

You have sharp claws.
You have razor-sharp teeth.
You have supernaturally acute eyesight. (SInv)
You cover ground quickly. (Speed+)
You are covered in fur. (AC +1)
Your paws help you pounce on unaware monsters.
You are incapable of wielding weapons or throwing items.
You cannot wear armour.
You gain extra lives every three experience levels.


Message History

The quokka closely misses you.
You scratch the quokka. You bite the quokka, but do no damage.
The quokka is almost dead.
The quokka bites you.
You scratch the quokka but do no damage.
The quokka is almost dead.
The quokka completely misses you.
You scratch the quokka.
You kill the quokka!
No target in view!
HP restored.
a - 2 potions of curing (gained 1)
b - a grey potion You see here a quokka corpse.
You open the door.
There is an open door here.
You open the door.
A hobgoblin comes into view.
The hobgoblin shouts!
There is an open door here.
You scratch the hobgoblin but do no damage.
The hobgoblin closely misses you.
You scratch the hobgoblin but do no damage.
The hobgoblin closely misses you.
You scratch the hobgoblin.
The hobgoblin is moderately wounded.
The hobgoblin hits you.
You scratch the hobgoblin.
The hobgoblin is almost dead.
The hobgoblin completely misses you.
You scratch the hobgoblin but do no damage.
The hobgoblin is almost dead.
The hobgoblin hits you.
You are too injured to fight recklessly!
You are too injured to fight recklessly!
You closely miss the hobgoblin.
You bite the hobgoblin, but do no damage.
The hobgoblin is almost dead.
The hobgoblin hits you.
You die...

.# ..# #.# ########.##
#.........#
#.........# #######
#.........#### #......
#...g@.......###....<.
########'###..........
#.# ####...... #.#
##..... #######'###
##.... #.........#
##..... #.####....#
##...... #.####†...#
##...##..
#.........###...## .#


You could see a hobgoblin.

Vanquished Creatures
  A quokka (D:1)
1 creature vanquished.

Notes
Turn   | Place    | Note
-------+----------+-------------------------------------------
     0 | D:1      | Descartes the Felid Wanderer began the quest for the Orb.
     0 | D:1      | Descartes set off with the following items: a potion of
                  | curing; and the following spell memorised: Foxfire; and the
                  | following spells available to memorise: Inner Flame, Corpse
                  | Rot, Sublimation of Blood, Conjure Flame, Sticky Flame,
                  | Fireball
     0 | D:1      | Reached XP level 1. HP: 7/7 MP: 4/4
   139 | D:1      | Slain by a hobgoblin

Illustrated notes

Levels and vault maps discovered:
D:1:      elethiomel_arrival_shortcut, layout_basic

Action                   || total
-------------------------++-------
Melee: Unarmed           ||    10
       Bite              ||     3
Dodge: Dodged            ||     6
